 Dungeon Crawl Stone Soup version 0.29.0-4-gdea44cf6ec (webtiles) character file.

Game seed: 17668383958460499071

166 experimilk the Gusty (level 5, -13/41 HPs)
             Began as a Draconian Air Elementalist on Aug 27, 2022.
             Mangled by an ogre
             ... wielding a +0 giant spiked club
              (26 damage)
             ... on level 4 of the Dungeon.
             The game lasted 00:12:04 (2948 turns).

experimilk the Gusty (Draconian Air Elementalist)   Turns: 2948, Time: 00:12:06

Health: -13/41     AC:  5    Str: 10    XL:     5   Next: 22%
Magic:  4/9        EV: 12    Int: 18    God:
Gold:   92         SH:  0    Dex: 11    Spells: 3/9 levels left

rFire   . . .      SeeInvis .   b - +1 dagger (venom)
rCold   . . .      Faith    .   (no shield)
rNeg    . . .      Spirit   .   (body armour unavailable)
rPois   .          Reflect  .   (helmet restricted)
rElec   .          Harm     .   (no cloak)
rCorr   .          Rampage  .   (no gloves)
Will    +....                   (no boots)
Stlth   ++........              (no amulet)
HPRegen 0.13/turn               e - ring of willpower
MPRegen 0.11/turn               (no ring)

@: swift, quick
A: AC +5, unfitting armour, cold-blooded
a: no special abilities


You were on level 4 of the Dungeon.
You visited 1 branch of the dungeon, and saw 6 of its levels.

You collected 92 gold pieces.

Inventory:

Hand Weapons
 b - a +1 dagger of venom (weapon)
Magical Staves
 d - a staff of death
Jewellery
 e - a ring of willpower (left hand)
 i - an amulet of faith
Scrolls
 f - 2 scrolls of enchant armour
 g - a scroll of fear {unknown}
 j - 3 scrolls of teleportation {unknown}
 n - a scroll of poison {unknown}
Potions
 a - a potion of magic
 c - a potion of cancellation {unknown}
 h - a potion of ambrosia
 k - a potion of brilliance {unknown}
 l - 2 potions of might {unknown}
 m - a potion of flight {unknown}
 o - a potion of invisibility {unknown}


   Skills:
 + Level 1.9 Fighting
 - Level 1.7 Dodging
 - Level 1.7 Stealth
 + Level 2.8 Spellcasting
 - Level 3.0 Conjurations
 * Level 4.2 Air Magic


You had 3 spell levels left.
You knew the following spells:

 Your Spells              Type           Power      Damage    Failure   Level
a - Shock                 Conj/Air       60%        1d6       3%          1
b - Swiftness             Air            17%        N/A       9%          3
c - Static Discharge      Conj/Air       15%        3-5/arc   6%          2

Your spell library contained the following spells:

 Spells                   Type           Power      Damage    Failure   Level
 Sublimation of Blood     Necr           2%         N/A       26%         2
 Wereblood                Tmut           2%         N/A       26%         2
 Gell's Gravitas          Tloc           2%         N/A       45%         3
 Teleport Other           Tloc           2%         N/A       45%         3
 Airstrike                Air            8%         2d(2-18)  30%         4
 Dispersal                Tloc           1%         N/A       100%        6
 Summon Hydra             Summ           1%         N/A       100%        7


Dungeon Overview and Level Annotations

Branches:
Dungeon (6/15)
 Temple: D:4-7

Altars:
Kikubaaqudgha


Innate Abilities, Weirdness & Mutations

Your plain brown scales are hard. (AC +5)
You cannot fit into any form of body armour.
You are cold-blooded and may be slowed by cold attacks.


Message History

A goblin comes into view. It is wielding a +0 club.
A goblin comes into view. It is wielding a +0 dagger.
The goblin moves out of view.
Found a club and 12 gold pieces.
You close the door.
The jelly quivers.
The hound bites you but does no damage. The hound bites you.
The hound closely misses you.
Casting: Shock (safe; 3% risk of failure)
Confirm with . or Enter, or press ? or * to list all spells.
You miscast Swiftness.
You are very lightly contaminated with residual magic.
Nothing appears to happen.
The hound bites you but does no damage. The ogre closely misses you.
Casting: Swiftness (dangerous; 9% risk of failure)
Confirm with . or Enter, or press ? or * to list all spells.
You feel quick. The hound barely misses you.
The hound bites you but does no damage. The hound attacks as you move away!
The hound closely misses you. The ogre closely misses you.
The hound attacks as you move away! The hound bites you.
A giant cockroach comes into view.
Found a stone staircase leading up.
An iguana comes into view.
The hound bites you but does no damage. The hound bites you.
The hound attacks as you move away! The hound closely misses you.
A quokka comes into view.
The jelly hits you but does no damage.
Your magical contamination has completely faded away.
The hound attacks as you move away! The hound bites you.
Found a scroll of identify.
The quokka bites you but does no damage.
You hit the iguana.
The iguana is lightly wounded.
The hound barely misses you.
The quokka bites you but does no damage.
The iguana bites you.
The ogre hits you with a +0 giant spiked club!!
Ouch! That really hurt!
You die...

....###..###......+
#.....................#
+..?..................#
#.....#.........+.....#
#.....#.........#.....#
#...<.#...##...##.....'
#B....#...##...##.....#
#....l#..............รท#
#....r@hJ............).
#.....#O.......##......
#.....#...##...########
#...S.#...##....#
#.....#....#!...#
#.$...#....'....#
#)....+...####.##
#...o.##### ..# #.... .#


You could see an ogre, an iguana, a hound, a jelly, an orc (wandering), a
quokka, a giant cockroach (asleep) and a ball python.

Vanquished Creatures
  A hound (D:4)
  An iguana (D:6)
  An orc wizard (D:6)
  A gnoll (D:1)
  2 adders (D:2)
  A worm (D:2)
  3 orcs
  8 bats
  4 endoplasms (D:2)
  2 giant cockroaches (D:2)
  9 goblins
  7 hobgoblins
  A quokka (D:2)
  4 ball pythons (D:2)
  4 frilled lizards
  A kobold (D:4)
  2 rats
52 creatures vanquished.

Notes
Turn   | Place    | Note
-------+----------+-------------------------------------------
     0 | D:1      | experimilk the Draconian Air Elementalist began the quest
                  | for the Orb.
     0 | D:1      | Reached XP level 1. HP: 14/14 MP: 3/3
   197 | D:1      | Reached XP level 2. HP: 22/22 MP: 0/5
   655 | D:1      | Reached skill level 1 in Fighting
   655 | D:1      | Reached XP level 3. HP: 28/28 MP: 0/6
   813 | D:1      | Learned a level 3 spell: Swiftness
  1459 | D:2      | Learned a level 2 spell: Static Discharge
  1777 | D:2      | Found a faded altar of an unknown god.
  1930 | D:2      | Reached XP level 4. HP: 35/35 MP: 5/7
  2380 | D:2      | Found an ancient bone altar of Kikubaaqudgha.
  2458 | D:3      | You fall into a shaft and drop 3 floors!
  2633 | D:6      | Reached skill level 4 in Air Magic
  2690 | D:6      | Noticed a black bear
  2694 | D:5      | Entered Level 5 of the Dungeon
  2717 | D:4      | Reached XP level 5. HP: 17/41 MP: 3/9
  2911 | D:4      | Noticed an ogre
  2948 | D:4      | Mangled by an ogre

Illustrated notes

Levels and vault maps discovered:
D:1:      saegor_arrival_simple_d, layout_basic
D:2:      layout_basic, shapermc_ecumenical_altar_venn, basic_altar,
          due_unseen_surprise
D:3:      minmay_goblin_kobold_castle, layout_loops_ring,
          makhleb_altar_promises_db, serial_shops, shop,
          nicolae_shop_bloodbath_and_beyond, shop, shop,
          nicolae_shop_window_shopping, uniq_terence
D:4:      layout_gridville, gammafunk_temple_overflow_pools,
          gammafunk_ghost_abyssal_escape, uniq_robin
D:5:      layout_loops_corners, nicolae_overflow_squiral, dk_noncrumbling_3,
          lemuel_flamethrower_2, uniq_sigmund
D:6:      layout_gridville, temple_statues, uniq_prince_ribbit1

Skill      XL: |  1  2  3  4 |
---------------+-------------+-----
Fighting       | 1 |  1.9
Conjurations   | 2 3 |  3.0
Air Magic      | 4 |  4.2
Dodging        | |  1.7
Stealth        | |  1.7
Spellcasting   | |  2.8

Action                   |  1- 3 |  4- 6 || total
-------------------------+-------+-------++-------
Melee: Dagger            |     9 |     7 ||    16
       Tailslap          |     1 |       ||     1
 Cast: Shock             |    70 |    40 ||   110
       Static Discharge  |       |     2 ||     2
       Swiftness         |       |     1 ||     1
  Use: Scroll            |     2 |       ||     2
       Potion            |       |     1 ||     1
Armor: Skin              |     5 |    14 ||    19
Dodge: Dodged            |    10 |    24 ||    34
